 Dungeon Crawl Stone Soup version 0.30-a0-989-g0d87f670db (webtiles) character file.

Game seed: 4800609416684854223

6 Sobieck the Shooter (level 1, 0/16 HPs)
             Began as a Mummy Hunter on Apr 2, 2023.
             Slain by a kobold
             ... wielding a +0 short sword
              (3 damage)
             ... on level 1 of the Dungeon.
             The game lasted 00:00:22 (125 turns).

Sobieck the Shooter (Mummy Hunter)                   Turns: 125, Time: 00:00:22

Health: 0/16       AC:  3    Str: 14    XL:     1   Next: 75%
Magic:  1/1        EV: 11    Int:  8    God:
Gold:   31         SH:  0    Dex: 15    Spells: 0/0 levels left

rFire   x . .      SeeInvis .    a - +0 shortbow {bow}
rCold   + . .      Faith    +    (shield currently unavailable)
rNeg    + + +      Spirit   .    c - +0 leather armour
rPois   ∞          Reflect  .    (no helmet)
rElec   .          Rampage  .    (no cloak)
rCorr   .                        (no gloves)
Will    .....                    (no boots)
Stlth   +                        (no amulet)
HPRegen 0.22/turn                (no ring)
MPRegen 0.07/turn                (no ring)

@: no status effects
A: cold resistance 1, negative energy resistance 3, torment resistance 2, heat
vulnerability 1, no potions, faith
a: no special abilities


You were on level 1 of the Dungeon.
You visited 1 branch of the dungeon, and saw 1 of its levels.

You collected 31 gold pieces.


Innate Abilities, Weirdness & Mutations

You are immune to poison.
Your flesh is cold resistant. (rC+)
You are immune to negative energy. (rN+++)
You are immune to unholy pain and torment.
You are vulnerable to heat. (rF-)
You do not drink.
You have a special connection with the divine. (Faith)


   Skills:
 - Level 2.0 Fighting
 + Level 3.5 Ranged Weapons
 - Level 1.5 Dodging
 - Level 0.7 Stealth


You couldn't memorise any spells.
You didn't know any spells.
Your spell library was empty.

Inventory:

Hand Weapons
 a - a +0 shortbow (weapon) {bow}
Armour
 c - a +0 leather armour (worn)
Scrolls
 b - a scroll of immolation {!r!r}
 d - a scroll of enchant weapon {unknown}
 e - a scroll of teleportation {unknown}

Dungeon Overview and Level Annotations

Branches:
Dungeon (1/15) Zot: 5869

Altars:

.... #...........#..
.....#............#
.....#..........#....
.....#..........##[#!#
...................##
.
.................##[#
........B........# g
........KSg........
#.......@#######.g..
#..............#....
#...................
...........†....... ##
....................
.. ...................
.. ...................
.. ..............###.#
..............# #.##


You could see a giant cockroach, a hobgoblin, a ball python and a kobold.


Message History

Welcome, Sobieck the Mummy Hunter.
Below lies the Orb of Zot, rumoured to be powerful enough to resurrect a god...
Press ? for a list of commands and other information.
Found 12 gold pieces.
Found a staircase leading out of the dungeon.
Unknown command.
You now have 12 gold pieces.
As you open the door, it creaks loudly!
Unknown command.
There is an open door here.
Found a stone staircase leading down.
Unknown command.
There is a stone staircase leading down here.
A hobgoblin comes into view.
Danger!
You shoot an arrow. The arrow closely misses the hobgoblin.
You shoot an arrow. The arrow hits the hobgoblin!
You kill the hobgoblin!
No target in view!
d - a scroll labelled ONENYTW KIEMIRA
e - a scroll labelled KEIS HINUUFUAQ You now have 19 gold pieces (gained 7).
You now have 28 gold pieces (gained 9).
Found a stone staircase leading down.
Unknown command.
An endoplasm comes into view.
Danger!
You shoot an arrow. The arrow hits the endoplasm.
You shoot an arrow. The arrow hits the endoplasm.
You kill the endoplasm!
No target in view!
A rat comes into view.
Danger!
You shoot an arrow.
The arrow hits the rat but does no damage.
You shoot an arrow. The arrow hits the rat.
You shoot an arrow. The arrow hits the rat!
You kill the rat!
No target in view!
A dart slug comes into view.
You see here 3 gold pieces.
Danger!
You shoot an arrow. The arrow hits the dart slug!
The dart slug launches a dart at you. The slug dart misses you.
You shoot an arrow. The arrow hits the dart slug.
You kill the dart slug!
No target in view!
You now have 31 gold pieces (gained 3).
A kobold comes into view. It is wielding a +0 short sword.
The kobold shouts!
You hear a shout!
Danger!
You shoot an arrow. The arrow barely misses the kobold.
A hobgoblin comes into view.
You shoot an arrow. The arrow hits the kobold.
You shoot an arrow. The arrow closely misses the kobold.
A giant cockroach comes into view.
You shoot an arrow. The arrow barely misses the kobold.
You shoot an arrow. The arrow hits the kobold.
You hear an angry hiss.
The kobold closely misses you.
The kobold hits you with a +0 short sword.
You shoot an arrow.
The arrow hits the kobold but does no damage.
A ball python comes into view.
The hobgoblin hits you.
The kobold hits you with a +0 short sword.
Unknown command.
The kobold attacks as you move away!
The kobold hits you with a +0 short sword.
* * * LOW HITPOINT WARNING * * *
The hobgoblin attacks as you move away! The hobgoblin hits you.
* * * LOW HITPOINT WARNING * * *
A hobgoblin comes into view.
The ball python hisses angrily.
The hobgoblin attacks as you move away! The hobgoblin hits you.
* * * LOW HITPOINT WARNING * * *
The kobold attacks as you move away!
The kobold hits you with a +0 short sword.
* * * LOW HITPOINT WARNING * * *
The giant cockroach attacks as you move away!
The giant cockroach closely misses you.
The giant cockroach attacks as you move away!
The giant cockroach bites you.
* * * LOW HITPOINT WARNING * * *
The kobold attacks as you move away!
The kobold hits you with a +0 short sword.
* * * LOW HITPOINT WARNING * * *
The giant cockroach misses you. The giant cockroach barely misses you.
The giant cockroach attacks as you move away!
The giant cockroach bites you but does no damage.
The kobold attacks as you move away!
The kobold hits you with a +0 short sword.
* * * LOW HITPOINT WARNING * * *
The ball python closely misses you. x2; The ball python barely misses you.
The ball python grabs you. The ball python constricts you.
You escape the ball python's grasp.
The kobold attacks as you move away!
The kobold hits you with a +0 short sword.
You die...

Action                     || total
---------------------------++-------
   Fire: Shortbow          ||    15
 Armour: Leather armour    ||     1
  Dodge: Dodged            ||     8

Levels and vault maps discovered:
D:1:      onia_arrival_pentagram, layout_basic, minmay_tall_x

Notes
Turn   | Place    | Note
-------+----------+-------------------------------------------
     0 | D:1      | Sobieck the Mummy Hunter began the quest for the Orb.
     0 | D:1      | Reached XP level 1. HP: 16/16 MP: 1/1
   122 | D:1      | HP: 4/16 [kobold/+0 short sword (1)]
   125 | D:1      | Slain by a kobold

Vanquished Creatures
  A dart slug (D:1)
  An endoplasm (D:1)
  A hobgoblin (D:1)
  A rat (D:1)
4 creatures vanquished.

Table legend:
 A = Non-vault XP
 B = Vault XP
 C = Vault XP percentage of total XP
 D = Non-vault monster count
 E = Vault monster count
 F = Vault count percentage of total count
                 A         B        C        D         E       F
            +---------+---------+-------+---------+---------+-------
      Total |       6 |       3 |  33.3 |       2 |       2 |  50.0
            +---------+---------+-------+---------+---------+-------
        D:1 |       6 |       3 |  33.3 |       2 |       2 |  50.0
            +---------+---------+-------+---------+---------+-------

Illustrated notes

Table legend:
 A = Kills in this place as a percentage of kills in the entire game.
 B = Kills by you in this place as a percentage of kills by you in the entire game.
 C = Kills by friends in this place as a percentage of kills by friends in the entire game.
 D = Other kills in this place as a percentage of other kills in the entire game.
 E = Experience gained in this place as a percentage of experience gained in the entire game.
 F = Experience gained in this place divided by the number of levels of this place that you have seen.
                   A       B       C       D       E      F
               +-------+-------+-------+-------+-------+----------------------
         Total | 100.0 | 100.0 |   N/A |   N/A | 100.0 |   9.0
       Dungeon | 100.0 | 100.0 |   N/A |   N/A | 100.0 |   9.0
               +-------+-------+-------+-------+-------+----------------------

Table legend: (Time is in decaauts)
 A = Elapsed time spent in this place.
 B = Non-inter-level travel time spent in this place.
 C = Inter-level travel time spent in this place.
 D = Time resting spent in this place.
 E = Time spent auto-exploring this place.
 F = Levels seen in this place.
 G = Mean time per level.
                   A        B        C        D        E       F      G
               +--------+--------+--------+--------+--------+-----+--------+
         Total |    130 |    130 |      0 |      0 |     91 |   1 |  130.0 |
       Dungeon |    130 |    130 |      0 |      0 |     91 |   1 |  130.0 |
               +--------+--------+--------+--------+--------+-----+--------+

Top non-repeatable levels by time:
     D:1: 130 daAuts
